AoeStats
← 沒起房子我日

Arena

509249543Analyzed
4v4 RM · 5d ago on Sep 26, 2026· 10m 20s· 8 players
Game mode
Random Map
Map size
Large (8 player)
Population
200
Speed
Normal
Resources
Standard
Victory
Conquest
Starting age
Dark Age
Ending age
Imperial Age
RankedLock teamsTeams togetherTeam positionsShared explorationLock speedFull tech treeHidden civsTurbo modeCheats
Victory
Defeat
🇵🇪 Bengalis · Peru
1801
+6
🇹🇷 Cumans · Türkiye
1761
+7
🇨🇦 Cumans · Canada
1748
+7
🇧🇷 Lithuanians · Brazil
1740
+8
🇧🇷 Cumans · Brazil
1578
-8
🇨🇳 Inca · China
1564
-7
🇹🇼 Italians · Taiwan
1530
-7
🇦🇷 Japanese · Argentina
1495
-6
Fs.BlinkAoE
3:42 Loom
8:53 Feudal Age
8:17 Loom
noru
11:12 Feudal Age
heybrowazzup
8:25 Feudal Age
8:53 Double-Bit Axe
8:57 Horse Collar
Fs.Nx Imperial
10:05 Feudal Age
Dino_Mate
8:14 Loom
10:26 Feudal Age
沒起房子我日
11:13 Feudal Age
Shadow_BR
7:04 Loom
9:15 Feudal Age
Sandwich
10:38 Feudal Age
Connection lost

Rejoining the realm…

Still unreachable

The connection could not be restored.

Session expired

The server has moved on; the page needs a fresh start.